 Dungeon Crawl Stone Soup version 0.31-a0-345-g1ebeae05c6 (webtiles) character file.

Game seed: 2913445671118349784

5702 olmar the Protected (level 10, -4/88 HPs)
             Began as an Armataur Fighter on July 23, 2023.
             Was an Initiate of Gozag.
             Slain by a manticore (18 damage)
             ... on level 9 of the Dungeon.
             The game lasted 00:09:38 (8600 turns).

olmar the Protected (Armataur Fighter)              Turns: 8600, Time: 00:09:38

Health: -4/88      AC: 15    Str: 25    XL:     10   Next: 48%
Magic:  10/10      EV:  5    Int: 10    God:    Gozag
Gold:   685        SH: 10    Dex:  9    Spells: 9/9 levels left

rFire   + . .        v - +2 flail (heavy)
rCold   + . .        c - +0 buckler
rNeg    . . .        A - +0 plate armour
rPois   +            m - +0 helmet
rElec   +            t - +0 cloak
rCorr   +            (no gloves)
SInv    .            (no barding)
Will    .....        s - amulet of reflection Stlth
                     e - +4 ring of slaying
HPRegen 0.34/turn    D - ring of poison resistance
MPRegen 0.12/turn

%: reflection, roll
@: mighty, resistant, hasted, studying Polearms, very quick
A: large, rugged brown scales 3, deformed body, armoured tail, roll, long
tongue, awkward tongue
a: Renounce Religion, Potion Petition, Call Merchant, Bribe Branch


You were on level 9 of the Dungeon.
You worshipped Gozag.
Gozag was pleased with you.
You visited 1 branch of the dungeon, and saw 9 of its levels.

You collected 1360 gold pieces.
You paid 675 gold pieces to Gozag.

Inventory:

Hand Weapons
 a - a +0 flail
 v - a +2 heavy flail (weapon)
 F - a +0 giant club
Missiles
 i - 2 throwing nets
 E - 6 javelins (quivered)
Armour
 b - a +0 scale mail
 c - a +0 buckler (worn)
 m - a +0 helmet (worn)
 t - a +0 cloak (worn)
 A - a +0 plate armour (worn)
Jewellery
 d - a ring of see invisible
 e - a +4 ring of slaying (left hand)
 s - an amulet of reflection (around neck)
 B - a +5 ring of evasion
 D - a ring of poison resistance (right hand)
 L - a +4 ring of protection
Talismans
 w - a blade talisman
Wands
 C - a wand of light (15)
 G - a wand of flame (12)
 J - a wand of polymorph (13)
 K - a wand of digging (7)
Scrolls
 f - a scroll of blinking {unknown}
 g - 6 scrolls of teleportation
 h - 3 scrolls of enchant armour
 j - 2 scrolls of poison
 k - a scroll of brand weapon {unknown}
 q - 2 scrolls of torment {unknown}
 u - 2 scrolls of noise
 x - a scroll of butterflies
 y - 2 scrolls of fog {unknown}
 z - a scroll of fear
 P - a scroll of vulnerability {unknown}
 Q - a scroll of identify
Potions
 l - a potion of brilliance
 n - 2 potions of attraction
 o - a potion of enlightenment
 p - 2 potions of heal wounds
 r - a potion of resistance
 H - a potion of invisibility {unknown}
 I - a potion of lignification
 M - a potion of might
 N - a potion of curing
 O - a potion of mutation {unknown}


   Skills:
 + Level 5.7 Fighting
 + Level 9.6 Maces & Flails
 + Level 10.6 Armour
 - Level 0.1 Dodging
 - Level 0.1 Stealth
 + Level 7.9 Shields
 + Level 0.9 Evocations


You had 9 spell levels left.
You didn't know any spells.
Your spell library contained the following spells:

 Spells                   Type           Power      Damage    Failure   Level
 Magic Dart               Conj           0%         1d3       99%         1
 Sandblast                Erth           0%         2d4       99%         1
 Blink                    Tloc           0%         N/A       100%        2
 Ensorcelled Hibernation  Hex/Ice        0%         N/A       100%        2
 Passwall                 Tmut/Erth      0%         N/A       100%        2
 Poisonous Vapours        Pois/Air       0%         N/A       100%        2
 Searing Ray              Conj           0%         2d4       100%        2
 Frozen Ramparts          Ice            0%         1d1       100%        3
 Stone Arrow              Conj/Erth      0%         3d7       100%        3
 Swiftness                Air            0%         N/A       100%        3
 Vhi's Electric Charge    Tloc/Air       0%         N/A       100%        3
 Anguish                  Hex/Necr       0%         N/A       100%        4
 Animate Armour           Summ/Erth      0%         N/A       100%        4
 Flame Wave               Conj/Fire      0%         2d4       100%        4
 Fulminant Prism          Conj/Hex       0%         3d5       100%        4
 Manifold Assault         Tloc           0%         N/A       100%        4
 Petrify                  Tmut/Erth      0%         N/A       100%        4
 Arcjolt                  Conj/Air       0%         1d10      100%        5
 Freezing Cloud           Conj/Ice/Air   0%         6-21      100%        5
 Metabolic Englaciation   Hex/Ice        0%         N/A       100%        5
 Plasma Beam              Fire/Air       0%         2x1d10    100%        6
 Lehudib's Crystal Spear  Conj/Erth      0%         10d2      100%        8


Dungeon Overview and Level Annotations

Branches:
Dungeon (9/15)             Temple (0/1) D:6
   Lair: D:8-11         Orc: D:9-12

Altars:
Dithmenos
Elyvilon
Fedhas
Gozag
Hepliaklqana
Nemelex Xobeh
Okawaru
Sif Muna
Trog
The Shining One

Shops:
D:1 ?


Innate Abilities, Weirdness & Mutations

You are completely covered in rugged brown scales. (AC +3, +7% HP)
Armour fits poorly on your strangely shaped body.
You have a long armoured tail.
You roll when moving toward enemies. (Rampage)
Your long tongue fully drains potion bottles. (2x potion effects)
Your tongue gives you trouble enunciating. (1.5x scroll delay)


Message History

The manticore bites you but does no damage.
The manticore claws you but does no damage.
You block the manticore's attack.
The boulder beetle bites you but does no damage.
Unknown command.
Aiming: Bolt of Light
Press: ? - help, Shift-Dir - straight line, f/p - boulder beetle
Aim: a boulder beetle (moderately wounded, 100% to hit)
The bolt of light hits the boulder beetle.
The boulder beetle is moderately wounded.
The boulder beetle is blinded.
The manticore bites you but does no damage.
You block the manticore's attack. x2; The boulder beetle bites you!!
Unknown command.
You hit the boulder beetle. You tail-slap the boulder beetle!
The boulder beetle is heavily wounded.
The manticore bites you.
The manticore claws you but does no damage.
You block the manticore's attack. The boulder beetle bites you!
You block the manticore's attack. The manticore claws you!
* * * LOW HITPOINT WARNING * * *
The manticore claws you but does no damage.
The boulder beetle bites you but does no damage.
You sock the boulder beetle!
The boulder beetle is severely wounded.
You block the manticore's attack. The manticore claws you!
* * * LOW HITPOINT WARNING * * *
The manticore claws you but does no damage.
The boulder beetle barely misses you.
Unknown command.
Okay, then. [a] - 600 gold - resistance, might and haste [b] - 288 gold - brilliance and magic [c] - 160 gold - might and brilliance Purchase which effect?
You no longer have enough gold to fund merchants seeking to open stores in the dungeon.
You feel protected.
You feel very mighty all of a sudden.
You feel yourself speed up. The manticore bites you!!
You die...
Your body crumbles into a pile of gold.

....#....##..##...#..#...........
....#.........###.#......))......
............#...#......###.......
...........##..........###.......
...........##.........###........
.......#.....####''#### #..>.....
.......#....##........###........
.....#####.##..........##........
.##..###.###....@.......##.......
..#...#..##....HB........##....#.
...^....##............... ##..##.
...##...#...../.......... #..#..
...###..#................ #.....
...######............... #.....
....### ............... #..)..
......# .......(....... #.....
.#....### $ #.....


You could see a boulder beetle (blind) and a manticore.

Vanquished Creatures
  A boulder beetle (D:7)
  A two-headed ogre (D:8)
  A wyvern (D:7)
  A shadow (D:9)
  2 steam dragons (D:8)
  2 water moccasins
  A sky beast (D:6)
  2 ice beasts
  4 orc warriors
  3 black bears
  6 centaurs
  A phantom (D:6)
  3 kobold brigands
  2 gnoll sergeants
  6 bullfrogs
  4 scorpions
  9 wights (D:6)
  6 killer bees
  4 hounds
  4 orc priests
  7 jellies
  3 iguanas
  6 orc wizards
  9 adders
  11 gnolls (D:7)
  4 shadow imps
  5 white imps
  2 ufetubi (D:5)
  2 dart slugs
  17 orcs
  4 ball pythons
  2 bats
  8 endoplasms
  4 giant cockroaches
  8 hobgoblins
  6 jackals
  2 quokkas
  A frilled lizard (D:1)
  12 goblins
  A hobgoblin zombie (D:3)
  14 kobolds
  A kobold skeleton (D:3)
  A kobold zombie (D:3)
  2 orc skeletons (D:3)
  An orc zombie (D:3)
  8 rats
204 creatures vanquished.

Vanquished Creatures (collateral kills)
  A scorpion (D:4)
  An adder (D:4)
  A bat (D:3)
  A giant cockroach (D:4)
  A jackal (D:3)
  2 kobolds (D:4)
  A quokka (D:4)
  A ball python (D:2)
9 creatures vanquished.

Vanquished Creatures (others)
  A bullfrog (D:8)
  An ancestor (D:2)
2 creatures vanquished.

Grand Total: 215 creatures vanquished

Notes
Turn   | Place    | Note
-------+----------+-------------------------------------------
     0 | D:1      | olmar the Armataur Fighter began the quest for the Orb.
     0 | D:1      | Reached XP level 1. HP: 19/19 MP: 1/1
   169 | D:1      | Found Papot's Magic Scroll Shop.
   200 | D:1      | Reached XP level 2. HP: 26/26 MP: 2/2
   290 | D:1      | Reached skill level 4 in Armour
   345 | D:1      | Found a faded altar of an unknown god.
   446 | D:1      | Prayed at the altar of an unknown god.
   446 | D:1      | Became a worshipper of Hepliaklqana the Forgotten
   446 | D:1      | Reached * piety under Hepliaklqana
  1039 | D:2      | Reached XP level 3. HP: 30/30 MP: 3/3
  1419 | D:2      | Found a shimmering blue altar of Sif Muna.
  1591 | D:3      | Reached XP level 4. HP: 34/36 MP: 4/4
  1765 | D:3      | Found a glowing golden altar of the Shining One.
  1967 | D:3      | Reached ** piety under Hepliaklqana
  1968 | D:3      | Remembered your ancestor Tepiltzin as a hexer
  2005 | D:3      | Found a bloodstained altar of Trog.
  2519 | D:4      | Reached XP level 5. HP: 43/43 MP: 5/5
  3250 | D:4      | Reached skill level 5 in Armour
  3250 | D:4      | Reached XP level 6. HP: 47/49 MP: 6/6
  3346 | D:5      | Entered Level 5 of the Dungeon
  3385 | D:5      | Reached *** piety under Hepliaklqana
  3490 | D:5      | Found an opulent altar of Gozag.
  3529 | D:5      | Fell from the grace of Hepliaklqana
  3533 | D:5      | Became a worshipper of Gozag Ym Sagoz the Greedy
  3603 | D:5      | Noticed an orc warrior
  3611 | D:5      | Killed an orc warrior
  4033 | D:5      | Was forgiven by Hepliaklqana
  4199 | D:5      | Found a white marble altar of Elyvilon.
  4250 | D:5      | Reached XP level 7. HP: 62/62 MP: 7/7
  4406 | D:6      | Reached skill level 5 in Maces & Flails
  4412 | D:6      | Reached skill level 5 in Shields
  4500 | D:6      | Reached skill level 6 in Armour
  4679 | D:6      | Reached XP level 8. HP: 24/63 MP: 8/8
  4823 | D:6      | Reached skill level 7 in Armour
  4868 | D:6      | Found a staircase to the Ecumenical Temple.
  5004 | D:6      | Found a hazy altar of Hepliaklqana.
  5308 | D:7      | Noticed a boulder beetle
  5339 | D:7      | Killed a boulder beetle
  5340 | D:7      | Reached skill level 8 in Armour
  5340 | D:7      | Reached XP level 9. HP: 27/78 MP: 9/9
  5702 | D:7      | Reached skill level 5 in Fighting
  6392 | D:7      | Reached skill level 9 in Armour
  6720 | D:8      | Got the Quarto of the Kappa
  7135 | D:8      | Found a sparkling altar of Nemelex Xobeh.
  7435 | D:8      | Reached XP level 10. HP: 86/86 MP: 10/10
  7531 | D:8      | Reached skill level 10 in Armour
  7588 | D:8      | Noticed a two-headed ogre
  7597 | D:8      | Killed a two-headed ogre
  7789 | D:8      | Found an iron altar of Okawaru.
  7790 | D:8      | Found a blossoming altar of Fedhas.
  8288 | D:9      | Found a shadowy altar of Dithmenos.
  8499 | D:9      | Got Idupila's Tome of the Hurtful Welkin
  8590 | D:9      | Noticed a manticore
  8590 | D:9      | Noticed a boulder beetle
  8600 | D:9      | Slain by a manticore

Illustrated notes

Levels and vault maps discovered:
D:1:      lemuel_arrival_tunnels, layout_loops_ring,
          shapermc_ecumenical_altar_mp_ritualfount, serial_shops,
          nicolae_shop_hallway_stairs, lexackson_kobold_supper
D:2:      minmay_inner_zag, layout_rooms, basic_altar, kennysheep_flooded_box,
          minmay_misc_feat_doors, kennysheep_generic_room_11
D:3:      layout_basic, nicolae_tso_besieged_by_evil,
          mainiacjoe_overflow_chevrons, st_stairs_9,
          corexii_item_surrounded_by_moat
D:4:      minmay_octagon_keep, layout_layer_cave,
          minmay_fractal_squares_diagonal_5
D:5:      black_bear_nest_1, layout_loops_ring, grunt_gozag_statues,
          kennysheep_mini_moat, serial_demonic, serial_demonic_e,
          serial_demonic_b, serial_demonic_d, serial_demonic_c,
          serial_demonic_g, serial_demonic_g, serial_demonic_b,
          minmay_manual_mess
D:6:      layout_rooms, lemuel_tele_altar, minmay_temple_entry_fiery
D:7:      layout_basic, minmay_misc_feat_pillars
D:8:      minmay_razor_zed, layout_loops_ring, nemelex_diamond_rough_becter,
          minitemple
D:9:      kennysheep_big_flooded_room, layout_cave_pools,
          grunt_dithmenos_shadows

Skill      XL: |  1  2  3  4  5  6  7  8  9 10 |
---------------+-------------------------------+-----
Armour         | 4 5 6 8 9 10 | 10.6
Maces & Flails | 2 3 4 5 7 8 9 |  9.6
Fighting       | 3 4 5 |  5.7
Shields        | 4 5 6 7 |  7.9
Dodging        | |  0.1
Stealth        | |  0.1
Evocations     | |  0.9

Action                     |  1- 3 |  4- 6 |  7- 9 | 10-12 || total
---------------------------+-------+-------+-------+-------++-------
  Melee: Flail             |    85 |   127 |   175 |    54 ||   441
         Tailslap          |     9 |    13 |    11 |     8 ||    41
  Throw: Throwing net      |     1 |       |     1 |       ||     2
         Javelin           |       |       |     5 |     1 ||     6
 Invoke: Recall Ancestor   |     1 |       |       |       ||     1
         Ancestor Life: He |       |     1 |       |       ||     1
         Renounce Religion |       |     1 |       |       ||     1
         Potion Petition   |       |       |       |     1 ||     1
  Evoke: Wand              |       |       |     3 |     4 ||     7
    Use: Scroll            |     4 |     4 |     2 |     1 ||    11
         Potion            |     2 |     1 |     2 |     1 ||     6
   Stab: Invisible         |       |       |       |     1 ||     1
 Armour: Scale mail        |    46 |    62 |       |       ||   108
         Plate armour      |       |       |    75 |    54 ||   129
         Skin              |       |       |    20 |       ||    20
  Dodge: Dodged            |    37 |    35 |    68 |    26 ||   166
  Block: Buckler           |    14 |    73 |    95 |    57 ||   239
         Reflection        |       |     1 |     2 |     5 ||     8

Table legend: (Time is in decaauts)
 A = Elapsed time spent in this place.
 B = Non-inter-level travel time spent in this place.
 C = Inter-level travel time spent in this place.
 D = Time resting spent in this place.
 E = Time spent auto-exploring this place.
 F = Levels seen in this place.
 G = Mean time per level.
                   A        B        C        D        E       F      G
               +--------+--------+--------+--------+--------+-----+--------+
         Total |   8842 |   8549 |    293 |    813 |   6341 |   9 |  982.4 |
       Dungeon |   8842 |   8549 |    293 |    813 |   6341 |   9 |  982.4 |
               +--------+--------+--------+--------+--------+-----+--------+

Top non-repeatable levels by time:
     D:8: 1611 daAuts
     D:7: 1463 daAuts
     D:4: 1132 daAuts
     D:5: 1064 daAuts
     D:1: 985 daAuts
     D:6: 819 daAuts
     D:3: 690 daAuts
     D:2: 604 daAuts
     D:9: 470 daAuts
